 Dungeon Crawl Stone Soup version 0.21-a0-531-gacddea6 (webtiles) character file.

81 Amnesiac the Vexing (level 4, -1/25 HPs)
             Began as a Deep Elf Arcane Marksman on Dec 12, 2017.
             Slain by an adder (2 damage)
             ... on level 2 of the Dungeon.
             The game lasted 00:03:41 (1617 turns).

Amnesiac the Vexing (Deep Elf Arcane Marksman)      Turns: 1617, Time: 00:03:42

Health: -1/25      AC:  2    Str:  8    XL:     4   Next: 19%
Magic:  9/9        EV: 13    Int: 18    God:
Gold:   39         SH:  0    Dex: 15    Spells: 1/7 levels left

rFire    . . .     SeeInvis .   b - +3 club
rCold    . . .     Gourm    .   (no shield)
rNeg     . . .     Faith    .   e - +0 robe
rPois    .         Spirit   .   (no helmet)
rElec    .         Reflect  .   (no cloak)
rCorr    .         Harm     .   (no gloves)
MR       .....                  (no boots)
Stlth    +.........             (no amulet)
HPRegen  0.08/turn              (no ring)
MPRegen  0.11/turn              j - ring of flight

@: lethally poisoned (-1 -> -13), invisible
A: no striking features
a: Evoke Flight


You were on level 2 of the Dungeon.
You were not hungry.

You visited 1 branch of the dungeon, and saw 2 of its levels.

You collected 39 gold pieces.

Inventory:

Hand Weapons
 a - a +0 shortbow
 b - a +3 club (weapon)
Missiles
 d - 30 arrows
 i - 39 poisoned needles
Armour
 e - a +0 robe (worn)
Jewellery
 h - an uncursed ring of fire
 j - a ring of flight (right hand)
Scrolls
 g - 4 scrolls of identify {!r, unknown}
 l - a scroll of immolation {!r, unknown}
 r - a scroll of teleportation {!r, unknown}
 x - a scroll of random uselessness {!r, unknown}
Potions
 m - a potion of lignification {!q, unknown}
 n - a potion of degeneration {!q, unknown}
 o - a potion of brilliance {!q, unknown}
 p - a potion of cancellation {!q, unknown}
 q - a potion of heal wounds {!q, unknown}
 s - a potion of invisibility {!q}
 t - 2 potions of curing {!q, unknown}
 v - a potion of berserk rage {!q, unknown}
 w - a potion of haste {!q, unknown}
Books
 c - a book of Debilitation

   Spells                             Type                      Level
   a - Corona                         Hexes                        1
   b - Slow                           Hexes                        2
   c - Inner Flame                    Hexes/Fire                   3
   d - Portal Projectile              Hexes/Translocation          3
   e - Cause Fear                     Hexes                        4
   f - Leda's Liquefaction            Hexes/Earth                  4
Comestibles
 f - 3 bread rations
 k - a meat ration
 u - a chunk of flesh


   Skills:
 + Level 1.3 Fighting
 * Level 3.2 Bows
 + Level 3.0 Dodging
 + Level 2.3 Spellcasting
 * Level 5.0 Hexes


You had one spell level left.
You knew the following spells:

 Your Spells              Type           Power        Failure   Level  Hunger
a - Corona                Hex            ###....      2%          1    #......
b - Inner Flame           Hex/Fire       ##......     19%         3    ###....
e - Slow                  Hex            ###.....     3%          2    ##.....


Dungeon Overview and Level Annotations

Branches:
Dungeon (2/15)

Altars:


Message History

t - a +3 club (weapon)
v - a bubbling yellow potion {!q}
w - a viscous cyan potion {!q} You now have 26 gold pieces (gained 13).
d - 30 arrows (gained 1) Adjust (i)tems, (s)pells, or (a)bilities?
Adjust which item? (? for menu, Esc to quit)
t - a +3 club (weapon)
Adjust to which letter? (? for menu, Esc to quit)
b - a +3 club (weapon);
t - a sedimented puce potion {!q}
a - a +0 shortbow (weapon)
b - a +3 club (weapon)
There is an open door here.
There is an open door here.
t - 2 sedimented puce potions {!q} (gained 1)
x - a scroll labeled IGA CIOPHECZI {!r} You see here a scale mail.
s - 2 ruby potions {!q} (gained 1)
You now have 39 gold pieces (gained 13).
An adder comes into view.
Found 9 gold pieces.
The helpless adder fails to defend itself.
You hit the adder.
The adder is lightly wounded.
The adder misses you. The adder closely misses you.
Casting: Corona
Confirm with . or Enter, or press ? or * to list all spells.
Aiming: Corona
Press: ? - help, Shift-Dir - straight line, f - adder
Aim: an adder (chance to defeat MR: 67%)
The adder is outlined in light.
The adder bites you but does no damage.
You barely miss the adder. The adder bites you.
You are poisoned.
The adder poisons you! The adder bites you.
You hit the adder but do no damage.
You feel sick. The adder barely misses you.
You hit the adder but do no damage. The adder barely misses you.
The adder bites you.
You are more poisoned.
The adder poisons you!
You closely miss the adder.
You feel sick. The adder closely misses you. x2
You hit the adder.
The adder is lightly wounded.
You feel sick. The adder bites you but does no damage.
You closely miss the adder.
The adder is lightly wounded.
You feel sick.
The adder stops glowing.
The adder bites you.
You are more poisoned.
The adder poisons you! The adder bites you.
* * * LOW HITPOINT WARNING * * *
You are more poisoned.
The adder poisons you!
You hit the adder but do no damage.
The adder is lightly wounded.
* * * LOW HITPOINT WARNING * * *
You feel sick. The adder bites you.
* * * LOW HITPOINT WARNING * * *
The adder bites you.
* * * LOW HITPOINT WARNING * * *
Really quaff
s - 2 ruby potions {!q}?
It was a potion of invisibility {!q}.
You fade into invisibility!
* * * LOW HITPOINT WARNING * * *
You feel sick. The adder bites you.
You die...

#..#.......#
#.#.....
#.......#
#.###.##
#.......# #.# #.#
#..####.# #.# #.#
#..# #.# #.# #.#
#..####.# #. #..
#.....#.# ###
..##.##.#.######
......S@....$...#
.###.#.##.#####.#
... ..# ..##. ###
#. .. .. #. . #.
#.


You could see an adder.

Vanquished Creatures
  Jessica (D:2)
  An adder (D:2)
  3 dart slugs
  3 leopard geckos (D:1)
  2 giant cockroaches
  3 goblins
  2 hobgoblins (D:1)
  9 jackals
  2 quokkas (D:2)
  4 bats
  A kobold (D:1)
  3 rats
34 creatures vanquished.

Notes
Turn   | Place    | Note
-------+----------+-------------------------------------------
     0 | D:1      | Amnesiac the Deep Elf Arcane Marksman began the quest for the Orb.
     0 | D:1      | Reached XP level 1. HP: 11/11 MP: 5/5
   176 | D:1      | Reached XP level 2. HP: 16/16 MP: 4/6
   697 | D:1      | Reached skill level 1 in Fighting
   701 | D:1      | Learned a level 2 spell: Slow
  1039 | D:2      | Reached XP level 3. HP: 14/20 MP: 6/8
  1170 | D:2      | Learned a level 3 spell: Inner Flame
  1423 | D:2      | Noticed Jessica
  1430 | D:2      | Killed Jessica
  1430 | D:2      | Reached skill level 5 in Hexes
  1430 | D:2      | Reached XP level 4. HP: 20/25 MP: 7/9
  1617 | D:2      | HP: 1/25 [poisoned by an adder]
  1617 | D:2      | Slain by an adder

Vault maps used:
D:1:      eino_arrival_druids_welcome
D:2:      first_bread, kennysheep_jessica_study

Skill      XL: |  1  2  3 |
---------------+----------+-----
Fighting       | 1 |  1.3
Spellcasting   | 2 |  2.3
Bows           | 3 |  3.2
Dodging        | 3 |  3.0
Hexes          | 5 |  5.0

Action                   |  1- 3 |  4- 6 || total
-------------------------+-------+-------++-------
Melee: Club              |       |     8 ||     8
 Fire: Shortbow          |    84 |     1 ||    85
 Cast: Corona            |    25 |     1 ||    26
  Use: Potion            |       |     1 ||     1
 Stab: Sleeping          |       |     1 ||     1
  Eat: Chunk             |     2 |       ||     2
Armor: Robe              |    10 |     2 ||    12
Dodge: Dodged            |    38 |     6 ||    44

Table legend:
 A = Spawn XP
 B = Non-spawn XP
 C = Spawn XP percentage of total XP
 D = Spawn monster count
 E = Non-spawn monster count
 F = Spawn count percentage of total count
 G = Total turns spent on level
                    A         B        C        D         E        F      G
               +---------+---------+-------+---------+---------+-------+---------
         Total |       0 |     116 |   0.0 |       0 |      34 |   0.0 |  1617
               +---------+---------+-------+---------+---------+-------+---------
           D:1 |       0 |      36 |   0.0 |       0 |      17 |   0.0 |   983
           D:2 |       0 |      80 |   0.0 |       0 |      17 |   0.0 |   634
               +---------+---------+-------+---------+---------+-------+---------
